 Dungeon Crawl Stone Soup version 0.31-a0-810-ga77100ea1a (webtiles) character file.

Game seed: 11690965124153538973

160 javelincjr the Changeling (level 5, -3/26 HPs)
             Began as a Spriggan Shapeshifter on Sept 21, 2023.
             Slain by Grinder (5 damage)
             ... on level 3 of the Dungeon.
             The game lasted 00:08:05 (2153 turns).

javelincjr the Changeling (Spriggan Shapeshifter)   Turns: 2153, Time: 00:08:06

Health: -3/26      AC:  2    Str: 12    XL:     5   Next: 17%
Magic:  6/6        EV: 18    Int: 11    God:
Gold:   116        SH:  0    Dex: 15    Spells: 4/4 levels left

rFire   . . .        p - +1 hand axe (drain)
rCold   . . .        (no shield)
rNeg    . . .        a - +0 animal skin
rPois   .            (helmet currently unavailable)
rElec   .            (cloak currently unavailable)
rCorr   .            (gloves unavailable)
SInv    +            (boots unavailable)
Will    .....        q - amulet of the acrobat
Stlth   +            (no ring)
HPRegen 0.24/turn    (no ring)
MPRegen 0.10/turn

%: acrobat
@: beast-form, very quick
A: beast (slay +2), very small, no large weapons, unfitting armour, see
invisible, speed 3
a: Begin Untransformation


You were on level 3 of the Dungeon.
You were a hulking beast.
You visited 1 branch of the dungeon, and saw 3 of its levels.

You collected 116 gold pieces.

Inventory:

Hand Weapons
 j - a +1 short sword of electrocution
 p - a +1 hand axe of draining (weapon)
Missiles
 g - 6 boomerangs (quivered)
 m - 24 stones
Armour
 a - a +0 animal skin (worn)
 r - a +0 cloak
Jewellery
 q - an amulet of the acrobat (around neck)
Talismans
 c - a beast talisman (active)
 d - a flux talisman
 i - a maw talisman
 l - a serpent talisman
Scrolls
 f - a scroll of teleportation {unknown}
 h - a scroll of immolation {unknown}
 k - 4 scrolls of identify {unknown}
 o - a scroll of silence {unknown}
 s - a scroll of noise {unknown}
 t - 2 scrolls of enchant armour {unknown}
 v - a scroll of fear {unknown}
Potions
 b - a potion of lignification
 e - a potion of curing
 n - a potion of invisibility {unknown}
 u - a potion of attraction {unknown}


   Skills:
 + Level 2.0 Fighting
 + Level 0.5 Throwing
 + Level 4.2 Dodging
 + Level 3.1 Unarmed Combat
 * Level 5.1 Shapeshifting


You had 4 spell levels left.
You didn't know any spells.
Your spell library was empty.

Dungeon Overview and Level Annotations

Branches:
Dungeon (3/15)

Altars:

Annotations:
D:3 3 runed translucent doors, Grinder; Wurlitzer's ghost, amateur DEIE


Innate Abilities, Weirdness & Mutations

You are a hulking beast.
Your limbs bulge with bestial killing power. (Slay +2)
You are very small and have problems with some larger weapons.
You are too small for most types of armour.
You have supernaturally acute eyesight. (SInv)
You cover ground extremely quickly. (Speed+++)


Message History

Grinder gestures at you. You resist with some effort.
Throw: 6 boomerangs
Press: ? - help, Q - select action, (/) - cycle Shift-Dir - straight line, f/p - Grinder
Aim: Grinder (lightly wounded, 57% to hit)
You throw a boomerang. The boomerang barely misses Grinder.
Grinder blinks!
You start waiting.
Grinder is nearby!
Throw: 6 boomerangs
Press: ? - help, Q - select action, (/) - cycle Shift-Dir - straight line, f/p - Grinder
Aim: Grinder (lightly wounded, 57% to hit)
You throw a boomerang.
The boomerang hits Grinder but does no damage.
Grinder is lightly wounded.
Grinder blinks!
Throw: 6 boomerangs
Press: ? - help, Q - select action, (/) - cycle Shift-Dir - straight line, f/p - Grinder
Aim: Grinder (lightly wounded, 57% to hit)
You throw a boomerang. The boomerang hits Grinder.
Grinder is moderately wounded.
Throw: 6 boomerangs
Press: ? - help, Q - select action, (/) - cycle Shift-Dir - straight line, f/p - Grinder
Aim: Grinder (moderately wounded, 57% to hit)
You throw a boomerang. The boomerang hits Grinder.
Grinder is moderately wounded.
Grinder gestures at you.
You suddenly lose the ability to move!
Grinder hits you.
You writhe in agony.
You can move again.
You slash Grinder!
Grinder is heavily wounded.
Grinder hits you!
You writhe in agony.
You hit Grinder.
Grinder is severely wounded.
Grinder hits you!
* * * LOW HITPOINT WARNING * * *
You writhe in agony.
You die...
Grinder says, "Now the real fun starts!"

................................#
#######.....#.##.##.#.##...#.....
#....##.....#.##.##...###.##.....
......##.####.##.####.######.....
.♣.♣♣..#.........#####.## ##.....
..♣.♣..#............###.###......
.♣.♣...#.####.##.##....†.........
.♣♣.♣..#.##.............###......
......##.##.....h5......# #.#####
#....###.##..#########..# #.#####
########.##..#.gWS...#..# #......
#...........#..o(...#....#.#####
##..##..##..#.......#..#...#
###..##.###..#.......#..###.#
.....##.# #..#.......#..# #.#
.##.###.# #..#.......#..###.#####
.##.# #.# #..#......o#......#....


You could see Grinder, Wurlitzer's ghost, an adder, an orc and a hobgoblin.

Vanquished Creatures
  Jessica (D:3)
  Robin (D:2)
  4 gnolls (D:2)
  2 adders
  2 dart slugs
  3 endoplasms
  3 giant cockroaches
  9 goblins
  7 hobgoblins
  4 quokkas
  5 ball pythons
  6 bats
  5 frilled lizards
  6 kobolds
  6 rats
64 creatures vanquished.

Notes
Turn   | Place    | Note
-------+----------+-------------------------------------------
     0 | D:1      | javelincjr the Spriggan Shapeshifter began the quest for
                  | the Orb.
     0 | D:1      | Reached XP level 1. HP: 9/9 MP: 2/2
    56 | D:1      | Found a faded altar of an unknown god.
    67 | D:1      | Reached skill level 1 in Fighting
   158 | D:1      | Reached XP level 2. HP: 9/14 MP: 3/3
   746 | D:2      | Reached XP level 3. HP: 17/18 MP: 4/4
   788 | D:2      | Noticed Robin
   920 | D:2      | Reached XP level 4. HP: 10/22 MP: 5/5
  1264 | D:2      | Killed Robin
  1657 | D:3      | Found a runed translucent gate.
  1657 | D:3      | Found a runed translucent gate.
  1657 | D:3      | Found a runed translucent gate.
  1657 | D:3      | Noticed Wurlitzer's ghost (amateur DEIE)
  1754 | D:3      | Reached skill level 5 in Shapeshifting
  1837 | D:3      | Noticed Jessica
  1845 | D:3      | Killed Jessica
  1846 | D:3      | Reached XP level 5. HP: 25/26 MP: 6/6
  2133 | D:3      | Noticed Grinder
  2150 | D:3      | Paralysed by Grinder for 2 turns
  2153 | D:3      | Slain by Grinder

Illustrated notes

Levels and vault maps discovered:
D:1:      dpeg_arrival_castle, layout_rooms, hellmonk_ecumenical_altar_lost_god
D:2:      layout_loops_cross, uniq_robin
D:3:      layout_loops_ring, gammafunk_ghost_split, kennysheep_generic_room_3,
          uniq_grinder, uniq_jessica

Skill      XL: |  1  2  3  4 |
---------------+-------------+-----
Fighting       | 1 2 |  2.0
Dodging        | 3 4 |  4.2
Unarmed Combat | 3 |  3.1
Shapeshifting  | 5 |  5.1
Throwing       | |  0.5

Action                     |  1- 3 |  4- 6 || total
---------------------------+-------+-------++-------
  Melee: Unarmed           |    25 |       ||    25
         Short sword       |    44 |       ||    44
         Hand axe          |    21 |    54 ||    75
         Punch             |     1 |       ||     1
  Throw: Boomerang         |     4 |     8 ||    12
    Use: Potion            |       |     1 ||     1
   Stab: Sleeping          |       |     1 ||     1
 Armour: Animal skin       |    31 |    16 ||    47
  Dodge: Dodged            |    87 |    47 ||   134

Table legend: (Time is in decaauts)
 A = Elapsed time spent in this place.
 B = Non-inter-level travel time spent in this place.
 C = Inter-level travel time spent in this place.
 D = Time resting spent in this place.
 E = Time spent auto-exploring this place.
 F = Levels seen in this place.
 G = Mean time per level.
                   A        B        C        D        E       F      G
               +--------+--------+--------+--------+--------+-----+--------+
         Total |   1500 |   1457 |     43 |     56 |    936 |   3 |  500.0 |
       Dungeon |   1500 |   1457 |     43 |     56 |    936 |   3 |  500.0 |
               +--------+--------+--------+--------+--------+-----+--------+

Top non-repeatable levels by time:
     D:2: 582 daAuts
     D:1: 525 daAuts
     D:3: 392 daAuts
